TOP OF THE 1ST |
Hagerstown Suns batting - Pitching for Binghamton Mets : RHP John Mason
|
Pitching: RHP John Mason
|
|
Batting: RHB John Savard
|
0-0: Called Strike 0-1: Ball 1-1: Foul Ball, location: 2F 1-2: Ground out 4-3 (Groundball, 4MD, EV 103.8 MPH)
|
Batting: RHB Victor Cintron
|
0-0: Foul Ball, location: 2F 0-1: Ball 1-1: SINGLE (Groundball, 6S, EV 65.0 MPH) (infield hit)
|
Batting: LHB Chance McWilliams
|
0-0: Ball 1-0: Called Strike Victor Cintron steals 2nd base 1-1: Ball 2-1: Swinging Strike 2-2: Strikes out swinging
|
Batting: LHB John Holst
|
0-0: Called Strike 0-1: Ball 1-1: Foul Ball, location: 2F 1-2: Foul Ball, location: 2F 1-2: Foul Ball, location: 2F 1-2: Strikes out swinging
|
Top of the 1st over - 0 runs, 1 hit, 0 errors, 1 left on base; Hagerstown 0 - Binghamton 0 |
BOTTOM OF THE 1ST |
Binghamton Mets batting - Pitching for Hagerstown Suns : RHP Matt Seivert
|
Pitching: RHP Matt Seivert
|
|
Batting: LHB Jamel Alexander
|
0-0: Ball 1-0: Ball 2-0: Swinging Strike 2-1: Called Strike 2-2: Ball 3-2: Base on Balls
|
Batting: LHB Zane Kelton
|
0-0: Called Strike 0-1: Called Strike 0-2: SINGLE (Groundball, 3D, EV 104.4 MPH) Jamel Alexander to second Runner from 2nd tries for 3rd, SAFE, throw by RF made to third
|
Batting: LHB Bayesa Mundhir
|
0-0: Ball 1-0: Foul Ball, location: 2F 1-1: Called Strike 1-2: Foul Ball, location: 2F 1-2: Foul Ball, location: 2F 1-2: Ball 2-2: Ball 3-2: Hit by Pitch Zane Kelton to second
|
Batting: RHB Mike Hanks
|
0-0: Grounds into double play, 6-4-3 (Groundball, 6, EV 110.0 MPH) Jamel Alexander scores Zane Kelton to third
|
Batting: LHB Dan Bremseth
|
0-0: Swinging Strike 0-1: Ball 1-1: Fly out, F9 (Line Drive, 9S, EV 93.1 MPH)
|
Bottom of the 1st over - 1 run, 1 hit, 0 errors, 1 left on base; Hagerstown 0 - Binghamton 1 |
TOP OF THE 2ND |
Hagerstown Suns batting - Pitching for Binghamton Mets : RHP John Mason
|
Batting: RHB Naofumi Ishida
|
0-0: Foul Ball, location: 2F 0-1: Ball 1-1: Swinging Strike 1-2: Strikes out swinging
|
Batting: RHB Steve Bauman
|
0-0: Ball 1-0: Foul Ball, location: 2F 1-1: Ball 2-1: SINGLE (Line Drive, 89M, EV 100.0 MPH)
|
Batting: RHB Antonio Vallez
|
0-0: Ball 1-0: Ball 2-0: Swinging Strike 2-1: Called Strike 2-2: Strikes out swinging
|
Batting: RHB Jelexiz Cuenca
|
0-0: Ball 1-0: SINGLE (Groundball, 56S, EV 63.8 MPH) (infield hit) Steve Bauman to second
|
Batting: RHB Scott Skoglund
|
0-0: Ball 1-0: Called Strike 1-1: Called Strike 1-2: Ball 2-2: Foul Ball, location: 2F 2-2: Strikes out swinging
|
Top of the 2nd over - 0 runs, 2 hits, 0 errors, 2 left on base; Hagerstown 0 - Binghamton 1 |
BOTTOM OF THE 2ND |
Binghamton Mets batting - Pitching for Hagerstown Suns : RHP Matt Seivert
|
Batting: RHB Nate Henderson
|
0-0: Called Strike 0-1: Ball 1-1: Foul Ball, location: 2F 1-2: Foul Ball, location: 2F 1-2: SINGLE (Groundball, 6M, EV 99.4 MPH) (infield hit)
|
Batting: RHB Oscar Bravo
|
0-0: Swinging Strike 0-1: Ball 1-1: Foul Ball, location: 2F 1-2: Foul Ball, location: 2F 1-2: Strikes out swinging
|
Batting: RHB Rich Cracchiolo
|
0-0: Ball 1-0: Fly out, F3 (Popup, 3, EV 78.1 MPH)
|
Batting: RHB Gang-sheng Chew
|
0-0: Called Strike 0-1: Ball 1-1: Swinging Strike 1-2: Foul Ball, location: 2F 1-2: Ball 2-2: Reached via error on a dropped throw from 2B, E3 (Groundball, P, EV 81.2 MPH) Nate Henderson to second
|
Batting: LHB Jamel Alexander
|
0-0: Fly out, F9 (Flyball, 9S, EV 92.5 MPH)
|
Bottom of the 2nd over - 0 runs, 1 hit, 1 error, 2 left on base; Hagerstown 0 - Binghamton 1 |
TOP OF THE 3RD |
Hagerstown Suns batting - Pitching for Binghamton Mets : RHP John Mason
|
Batting: RHB John Savard
|
0-0: Foul Ball, location: 2F 0-1: Called Strike 0-2: Ball 1-2: SINGLE (Groundball, 34D, EV 97.5 MPH)
|
Batting: RHB Victor Cintron
|
0-0: Called Strike John Savard steals 2nd base 0-1: SINGLE (Groundball, 6MD, EV 86.2 MPH) (infield hit) John Savard to third
|
Batting: LHB Chance McWilliams
|
0-0: Swinging Strike 0-1: Ball 1-1: Ball 2-1: Called Strike 2-2: SINGLE (Groundball, 34, EV 93.8 MPH) John Savard scores Victor Cintron to second Runner from 2nd tries for 3rd, SAFE, throw by RF made to third
|
Batting: LHB John Holst
|
0-0: Called Strike 0-1: Ball 1-1: Foul Ball, location: 2F 1-2: Ball 2-2: Ball 3-2: Strikes out swinging
|
Batting: RHB Naofumi Ishida
|
0-0: Ball 1-0: Foul Ball, location: 2F 1-1: Called Strike 1-2: Ball 2-2: Ball 3-2: Base on Balls Chance McWilliams to second
|
Batting: RHB Steve Bauman
|
0-0: SINGLE (Groundball, 4MD, EV 100.0 MPH) Victor Cintron scores Chance McWilliams to third Naofumi Ishida to second
|
Batting: RHB Antonio Vallez
|
0-0: Swinging Strike 0-1: Fly out, F8 (Flyball, 8RXD, EV 102.5 MPH) Runner from 3rd tags up, SCORES, no throw by CF Naofumi Ishida to third
|
Batting: RHB Jelexiz Cuenca
|
0-0: Called Strike 0-1: Called Strike 0-2: Ball 1-2: Ball 2-2: Strikes out swinging
|
Top of the 3rd over - 3 runs, 4 hits, 0 errors, 2 left on base; Hagerstown 3 - Binghamton 1 |
BOTTOM OF THE 3RD |
Binghamton Mets batting - Pitching for Hagerstown Suns : RHP Matt Seivert
|
Batting: LHB Zane Kelton
|
0-0: Fly out, F7 (Flyball, 7S, EV 85.0 MPH)
|
Batting: LHB Bayesa Mundhir
|
0-0: Swinging Strike 0-1: Called Strike 0-2: Strikes out swinging
|
Batting: RHB Mike Hanks
|
0-0: Foul Ball, location: 2F 0-1: Foul Ball, location: 2F 0-2: Foul Ball, location: 2F 0-2: SINGLE (Groundball, 6D, EV 102.5 MPH)
|
Batting: LHB Dan Bremseth
|
0-0: Foul Ball, location: 2F 0-1: Ball 1-1: Ball 2-1: Foul Ball, location: 2F 2-2: Fly out, F5 (Popup, 25, EV 77.5 MPH)
|
Bottom of the 3rd over - 0 runs, 1 hit, 0 errors, 1 left on base; Hagerstown 3 - Binghamton 1 |
TOP OF THE 4TH |
Hagerstown Suns batting - Pitching for Binghamton Mets : RHP John Mason
|
Batting: RHB Scott Skoglund
|
0-0: Called Strike 0-1: Ball 1-1: Foul Ball, location: 2F 1-2: Ground out 6-3 (Groundball, 6, EV 83.1 MPH)
|
Batting: RHB John Savard
|
0-0: Ball 1-0: Ball 2-0: Called Strike 2-1: Swinging Strike 2-2: Strikes out swinging, 2-3 out at first.
|
Batting: RHB Victor Cintron
|
0-0: Ball 1-0: Ball 2-0: Called Strike 2-1: Ball 3-1: Ground out 6-3 (Groundball, 6, EV 106.2 MPH)
|
Top of the 4th over - 0 runs, 0 hits, 0 errors, 0 left on base; Hagerstown 3 - Binghamton 1 |
BOTTOM OF THE 4TH |
Binghamton Mets batting - Pitching for Hagerstown Suns : RHP Matt Seivert
|
Batting: RHB Nate Henderson
|
0-0: Swinging Strike 0-1: Foul Ball, location: 2F 0-2: Ball 1-2: Foul Ball, location: 2F 1-2: Foul Ball, location: 2F 1-2: Ground out 6-3 (Groundball, 6, EV 102.5 MPH)
|
Batting: RHB Oscar Bravo
|
0-0: Ball 1-0: Foul Ball, location: 2F 1-1: Fly out, F8 (Flyball, 8RXD, EV 97.5 MPH)
|
Batting: RHB Rich Cracchiolo
|
0-0: Ball 1-0: Swinging Strike 1-1: DOUBLE (Line Drive, 78M, EV 110.0 MPH)
|
Pinch Runner at 2nd Jason Evans:
|
|
Batting: RHB Gang-sheng Chew
|
0-0: Ground out 6-3 (Groundball, 6, EV 78.1 MPH)
|
Bottom of the 4th over - 0 runs, 1 hit, 0 errors, 1 left on base; Hagerstown 3 - Binghamton 1 |
TOP OF THE 5TH |
Hagerstown Suns batting - Pitching for Binghamton Mets : RHP John Mason
|
Now in LF: Dan Bremseth
|
|
Now in RF: Jason Evans
|
|
Batting: LHB Chance McWilliams
|
0-0: Ball 1-0: Called Strike 1-1: Foul Ball, location: 2F 1-2: Foul Ball, location: 2F 1-2: Ball 2-2: Hit by Pitch
|
Batting: LHB John Holst
|
0-0: Called Strike 0-1: Swinging Strike 0-2: Ball 1-2: Foul Ball, location: 2F 1-2: Ball 2-2: Strikes out swinging
|
Batting: RHB Naofumi Ishida
|
0-0: Ball Chance McWilliams is caught stealing 2nd base 2-4 1-0: Ball 2-0: Foul Ball, location: 2F 2-1: Ball 3-1: Swinging Strike 3-2: Fly out, F9 (Flyball, 9, EV 95.6 MPH)
|
Top of the 5th over - 0 runs, 0 hits, 0 errors, 0 left on base; Hagerstown 3 - Binghamton 1 |
BOTTOM OF THE 5TH |
Binghamton Mets batting - Pitching for Hagerstown Suns : RHP Matt Seivert
|
Batting: LHB Jamel Alexander
|
0-0: Ball 1-0: Called Strike 1-1: Ball 2-1: Ball 3-1: Called Strike 3-2: Ground out 6-3 (Groundball, 56, EV 88.8 MPH)
|
Batting: LHB Zane Kelton
|
0-0: Foul Ball, location: 2F 0-1: Ball 1-1: Foul Ball, location: 2F 1-2: DOUBLE (Groundball, 3L, EV 107.5 MPH)
|
Batting: LHB Bayesa Mundhir
|
0-0: Ball 1-0: Called Strike 1-1: Ball 2-1: Ball Wild Pitch! Zane Kelton to third 3-1: Base on Balls
|
Batting: RHB Mike Hanks
|
0-0: Ball 1-0: Called Strike 1-1: Hit by Pitch Bayesa Mundhir to second
|
Batting: LHB Dan Bremseth
|
0-0: Ball 1-0: Called Strike 1-1: Ball 2-1: Foul Ball, location: 2F 2-2: Foul Ball, location: 2F 2-2: Strikes out looking
|
Pitching: RHP John Kovach
|
|
Batting: RHB Nate Henderson
|
0-0: Ball 1-0: Fly out, F8 (Flyball, 8LD, EV 78.8 MPH)
|
Bottom of the 5th over - 0 runs, 1 hit, 0 errors, 3 left on base; Hagerstown 3 - Binghamton 1 |
TOP OF THE 6TH |
Hagerstown Suns batting - Pitching for Binghamton Mets : RHP John Mason
|
Batting: RHB Steve Bauman
|
0-0: Called Strike 0-1: Ball 1-1: Foul Ball, location: 2F 1-2: Foul Ball, location: 2F 1-2: Strikes out swinging
|
Pitching: RHP Wei-hong Qi
|
|
Batting: RHB Antonio Vallez
|
0-0: Foul Ball, location: 2F 0-1: Swinging Strike 0-2: Strikes out looking
|
Batting: RHB Jelexiz Cuenca
|
0-0: Called Strike 0-1: Called Strike 0-2: Foul Ball, location: 2F 0-2: Ball 1-2: SINGLE (Groundball, 4MD, EV 93.8 MPH)
|
Batting: RHB Scott Skoglund
|
0-0: Ball 1-0: Foul Ball, location: 2F 1-1: Foul Ball, location: 2F 1-2: Strikes out looking
|
Top of the 6th over - 0 runs, 1 hit, 0 errors, 1 left on base; Hagerstown 3 - Binghamton 1 |
BOTTOM OF THE 6TH |
Binghamton Mets batting - Pitching for Hagerstown Suns : RHP John Kovach
|
Batting: RHB Oscar Bravo
|
0-0: Called Strike 0-1: Swinging Strike 0-2: Strikes out swinging
|
Batting: SHB Jason Evans
|
0-0: Ground out 3-1 (Groundball, 34, EV 85.6 MPH)
|
Batting: RHB Gang-sheng Chew
|
0-0: Ground out 6-3 (Groundball, 6, EV 106.9 MPH)
|
Bottom of the 6th over - 0 runs, 0 hits, 0 errors, 0 left on base; Hagerstown 3 - Binghamton 1 |
TOP OF THE 7TH |
Hagerstown Suns batting - Pitching for Binghamton Mets : RHP Wei-hong Qi
|
Batting: RHB John Savard
|
0-0: Ball 1-0: Called Strike 1-1: Swinging Strike 1-2: Ball 2-2: Ball 3-2: Ground out 6-3 (Groundball, 6S, EV 86.9 MPH)
|
Batting: RHB Victor Cintron
|
0-0: Ground out 6-3 (Groundball, 6, EV 101.9 MPH)
|
Batting: LHB Chance McWilliams
|
0-0: Ground out 4-3 (Groundball, 4, EV 86.2 MPH)
|
Top of the 7th over - 0 runs, 0 hits, 0 errors, 0 left on base; Hagerstown 3 - Binghamton 1 |
BOTTOM OF THE 7TH |
Binghamton Mets batting - Pitching for Hagerstown Suns : RHP John Kovach
|
Batting: LHB Jamel Alexander
|
0-0: Ball 1-0: Called Strike 1-1: Ground out 5-3 (Groundball, 56, EV 102.5 MPH)
|
Batting: LHB Zane Kelton
|
0-0: Ball 1-0: Ball 2-0: Foul Ball, location: 2F 2-1: Ball 3-1: Ground out 2-3 (Groundball, 13S, EV 72.5 MPH)
|
Batting: LHB Bayesa Mundhir
|
0-0: Ball 1-0: Ball 2-0: Called Strike 2-1: Swinging Strike 2-2: Ball 3-2: Ground out 1-3 (Groundball, 25, EV 66.9 MPH)
|
Bottom of the 7th over - 0 runs, 0 hits, 0 errors, 0 left on base; Hagerstown 3 - Binghamton 1 |
TOP OF THE 8TH |
Hagerstown Suns batting - Pitching for Binghamton Mets : RHP Wei-hong Qi
|
Batting: LHB John Holst
|
0-0: Called Strike 0-1: Swinging Strike 0-2: Ball 1-2: Strikes out looking
|
Batting: RHB Naofumi Ishida
|
0-0: Fly out, F9 (Flyball, 9LS, EV 86.2 MPH)
|
Batting: RHB Steve Bauman
|
0-0: Foul Ball, location: 2F 0-1: Swinging Strike 0-2: Strikes out swinging
|
Top of the 8th over - 0 runs, 0 hits, 0 errors, 0 left on base; Hagerstown 3 - Binghamton 1 |
BOTTOM OF THE 8TH |
Binghamton Mets batting - Pitching for Hagerstown Suns : RHP John Kovach
|
Pitching: RHP Danny Hoekenga
|
|
Batting: RHB Mike Hanks
|
0-0: Called Strike 0-1: Called Strike 0-2: Strikes out swinging
|
Batting: LHB Dan Bremseth
|
0-0: Ball 1-0: Foul Ball, location: 2F 1-1: Ground out 5-3 (Groundball, 56S, EV 81.2 MPH)
|
Batting: RHB Nate Henderson
|
0-0: Ball 1-0: SINGLE (Line Drive, 3D, EV 106.2 MPH)
|
Batting: RHB Oscar Bravo
|
0-0: Called Strike 0-1: Ball 1-1: SINGLE (Groundball, 6M, EV 104.4 MPH) (infield hit) Nate Henderson to second
|
Pitching: RHP Jordan Amaker
|
|
Batting: SHB Jason Evans
|
0-0: Called Strike 0-1: Fly out, F8 (Flyball, 8RM, EV 95.0 MPH)
|
Bottom of the 8th over - 0 runs, 2 hits, 0 errors, 2 left on base; Hagerstown 3 - Binghamton 1 |
TOP OF THE 9TH |
Hagerstown Suns batting - Pitching for Binghamton Mets : RHP Wei-hong Qi
|
Batting: RHB Antonio Vallez
|
0-0: Ball 1-0: SINGLE (Groundball, P, EV 85.6 MPH) (infield hit)
|
Batting: RHB Jelexiz Cuenca
|
0-0: Ball 1-0: Foul Ball, location: 2F 1-1: Called Strike 1-2: Ball 2-2: Ball 3-2: Strikes out swinging Antonio Vallez steals 2nd base Batter strikes out.
|
Batting: RHB Scott Skoglund
|
0-0: Called Strike 0-1: Ball 1-1: Swinging Strike 1-2: Foul Ball, location: 2F 1-2: Strikes out swinging
|
Batting: RHB John Savard
|
0-0: Called Strike 0-1: Foul Ball, location: 2F 0-2: Foul Ball, location: 2F 0-2: Ball 1-2: Ball 2-2: Ball 3-2: Fly out, F8 (Line Drive, 8RM, EV 108.8 MPH)
|
Top of the 9th over - 0 runs, 1 hit, 0 errors, 1 left on base; Hagerstown 3 - Binghamton 1 |
BOTTOM OF THE 9TH |
Binghamton Mets batting - Pitching for Hagerstown Suns : RHP Jordan Amaker
|
Batting: RHB Gang-sheng Chew
|
0-0: Called Strike 0-1: Ball 1-1: Foul Ball, location: 2F 1-2: Ball 2-2: Strikes out looking
|
Batting: LHB Jamel Alexander
|
0-0: Foul Ball, location: 2F 0-1: Ball 1-1: Fly out, F8 (Flyball, 8RD, EV 101.2 MPH)
|
Batting: LHB Zane Kelton
|
0-0: Foul Ball, location: 2F 0-1: Ball 1-1: Called Strike 1-2: Strikes out swinging
|
Bottom of the 9th over - 0 runs, 0 hits, 0 errors, 0 left on base; Hagerstown 3 - Binghamton 1 |
|